 Dungeon Crawl Stone Soup version 0.20.0-8-g6b59dc7 (webtiles) character file.

778 Heskey the Skirmisher (level 7, -3/48 HPs)
             Began as a Gargoyle Fighter on June 2, 2017.
             Slain by Blork the orc
             ... wielding a +0 dire flail
              (8 damage)
             ... on level 5 of the Dungeon.
             The game lasted 00:06:17 (2836 turns).

Heskey the Skirmisher (Gargoyle Fighter)            Turns: 2836, Time: 00:06:18

Health: -3/48      AC: 13    Str: 27    XL:     7   Next: 85%
Magic:  7/7        EV: 11    Int:  8    God:
Gold:   193        SH:  9    Dex:  9    Spells: 6/6 levels left

rFire    . . .     SeeInvis .   a - +0 flail
rCold    . . .     Gourm    .   c - +0 shield
rNeg     + . .     Faith    .   b - +0 scale mail
rPois    ∞         Spirit   .   (no helmet)
rElec    +         Reflect  .   u - +0 cloak
rCorr    .         Harm     .   (no gloves)
MR       .....                  (no boots)
Stlth    ..........             (no amulet)
Regen    0.2/turn               n - +5 ring of strength
MPRegen  0.1/turn               v - +4 ring of evasion

@: no status effects
A: negative energy resistance 1, electricity resistance, unbreathing,
petrification resistance, rot immunity, AC +4
a: no special abilities


You were on level 5 of the Dungeon.
You were not hungry.

You visited 1 branch of the dungeon, and saw 5 of its levels.

You collected 193 gold pieces.

Inventory:

Hand Weapons
 a - a +0 flail (weapon)
Armour
 b - a +0 scale mail (worn)
 c - a +0 shield (worn)
 u - a +0 cloak (worn)
Jewellery
 j - a cursed ring of teleportation {unknown}
 n - a +5 ring of strength (left hand)
 v - a +4 ring of evasion (right hand)
Wands
 t - a wand of enslavement (15/24)
Scrolls
 d - a scroll of enchant weapon {unknown}
 e - 2 scrolls of amnesia
 g - 3 scrolls of fear
 i - a scroll of remove curse
 o - 3 scrolls of identify
 q - a scroll of magic mapping {unknown}
 r - a scroll of teleportation {unknown}
 y - a scroll of fog {unknown}
Potions
 h - a potion of haste
 k - a potion of lignification {unknown}
 m - a potion of heal wounds {unknown}
 p - a potion of cancellation {unknown}
 x - a potion of might
Comestibles
 f - a bread ration
 l - 5 fruits
 s - a royal jelly
 w - a meat ration


   Skills:
 * Level 7.6 Fighting
 + Level 4.3 Maces & Flails
 + Level 5.4 Armour
 - Level 3.2 Shields


You had 6 spell levels left.
You didn't know any spells.

Dungeon Overview and Level Annotations

Branches:
Dungeon (5/15)
 Temple: D:4-7

Altars:
Xom
Yredelemnul

Annotations:
D:5 Blork the orc


Innate Abilities, Weirdness & Mutations

You are resistant to torment.
Your stone body is resilient. (AC +4)
You are immune to poison.
You resist negative energy. (rN+)
You are resistant to electric shocks. (rElec)
You can survive without breathing.
You are immune to petrification.
You are immune to rotting.


Message History

Something hits you.
You sock something! Something hits you but does no damage.
You hear some strange, mumbled words.
A magic dart appears from out of thin air!
The magic dart hits you!
You closely miss something. Something hits you! Something hits you.
You miss something. Something hits you but does no damage.
You closely miss something. Something hits you but does no damage.
You block something's attack.
You hit something but do no damage.
You hear some strange, mumbled words.
A puff of flame appears from out of thin air!
The puff of flame hits you! Something hits you but does no damage.
You miss something. Something hits you. x2
* * * LOW HITPOINT WARNING * * *
You closely miss something. Something hits you!
* * * LOW HITPOINT WARNING * * *
Something hits you but does no damage. Something hits you!
You die...

#.......# ###...###
#...# #### #...#####...
#.........# #
####[..#####.## #. #.#.
...............# #... ..
...............###.#.#..
................@.......
#####...#####.#.##.##.#.
#.... ...#Z##.# .# #...#
#####.##.##.#### #...#
#†##...†..%# #...
#...........(. #.
###...#.##.##. #.#....#
# ##...###


You could see a bullfrog zombie.

Vanquished Creatures
  Sigmund (D:4)
  Purgy (D:4)
  An ice beast (D:5)
  A phantom (D:4)
  An ogre (D:4)
  2 bullfrog skeletons (D:4)
  2 worker ants (D:4)
  Natasha (D:4)
  A hound skeleton (D:4)
  2 adders
  3 oozes
  2 adder skeletons
  A worm (D:2)
  4 dart slugs
  7 leopard geckos
  2 orcs (D:3)
  5 bats
  2 giant cockroaches
  8 hobgoblins
  13 jackals
  8 kobolds
  2 ball pythons
  3 frilled lizards
  3 goblins
  2 quokka skeletons (D:4)
  4 rats
82 creatures vanquished.

Notes
Turn   | Place    | Note
-------+----------+-------------------------------------------
     0 | D:1      | Heskey the Gargoyle Fighter began the quest for the Orb.
     0 | D:1      | Reached XP level 1. HP: 14/14 MP: 1/1
    78 | D:1      | Reached XP level 2. HP: 11/19 MP: 2/2
   314 | D:1      | Reached skill level 4 in Fighting
   515 | D:2      | Reached XP level 3. HP: 24/24 MP: 3/3
   921 | D:2      | Reached XP level 4. HP: 30/30 MP: 4/4
  1321 | D:3      | Reached skill level 5 in Fighting
  1420 | D:3      | Found a basalt altar of Yredelemnul.
  1865 | D:4      | Noticed Sigmund
  1874 | D:4      | Killed Sigmund
  1874 | D:4      | Reached skill level 6 in Fighting
  1874 | D:4      | Reached XP level 5. HP: 17/36 MP: 2/5
  1874 | D:4      | Reached XP level 6. HP: 19/41 MP: 2/6
  2006 | D:4      | Noticed Purgy
  2023 | D:4      | Killed Purgy
  2029 | D:4      | Found a shimmering altar of Xom.
  2188 | D:4      | Noticed Natasha
  2221 | D:4      | Reached skill level 5 in Armour
  2221 | D:4      | Reached XP level 7. HP: 25/47 MP: 7/7
  2234 | D:4      | Killed Natasha
  2507 | D:4      | Reached skill level 7 in Fighting
  2744 | D:5      | Entered Level 5 of the Dungeon
  2808 | D:5      | Noticed Blork the orc
  2836 | D:5      | Slain by Blork the orc

Skill      XL: |  1  2  3  4  5  6  7 |
---------------+----------------------+-----
Fighting       | 4 6 7 |  7.6
Maces & Flails | 3 4 |  4.3
Armour         | 4 5 |  5.4
Shields        | |  3.2

Action                   |  1- 3 |  4- 6 |  7- 9 || total
-------------------------+-------+-------+-------++-------
Melee: Flail             |   168 |   177 |    87 ||   432
  Use: Scroll            |       |     4 |       ||     4
       Potion            |       |     3 |       ||     3
  Eat: Chunk             |       |     5 |     1 ||     6
       Bread ration      |       |       |     1 ||     1
Armor: Scale mail        |   124 |   131 |    38 ||   293
Dodge: Dodged            |    69 |   132 |    40 ||   241
Block: Shield            |   116 |   127 |    42 ||   285
